 Dungeon Crawl Stone Soup version 0.29.1-15-g9cfb28693d (webtiles) character file.

Game seed: 1166146481467861021

104 Thatpatchoflichen the Chopper (level 4, -1/34 (40) HPs)
             Began as a Hill Orc Fighter on Mar 7, 2023.
             Killed from afar by Sigmund (4 damage)
             ... with a puff of flame
             ... on level 2 of the Dungeon.
             The game lasted 00:02:39 (1525 turns).

Thatpatchoflichen the Chopper (Hill Orc Fighter)    Turns: 1525, Time: 00:02:39

HP:   -1/34 (40)    AC:  9    Str: 20    XL:     4   Next: 80%
MP:   4/4           EV:  7    Int:  8    God:
Gold: 48            SH:  0    Dex: 10    Spells: 3/3 levels left

rFire   . . .      SeeInvis .   a - +0 war axe
rCold   . . .      Faith    .   c - +0 buckler
rNeg    . . .      Spirit   .   e - +0 chain mail
rPois   .          Reflect  .   (no helmet)
rElec   .          Harm     .   (no cloak)
rCorr   .          Rampage  .   (no gloves)
Will    .....                   (no boots)
Stlth   ..........              (no amulet)
HPRegen 0.11/turn               (no ring)
MPRegen 0.09/turn               (no ring)

@: confused, heavily drained
A: no striking features
a: no special abilities


You were on level 2 of the Dungeon.
You visited 1 branch of the dungeon, and saw 2 of its levels.

You collected 48 gold pieces.

Inventory:

Hand Weapons
 a - a +0 war axe (weapon)
Armour
 c - a +0 buckler (worn)
 e - a +0 chain mail (worn)
Scrolls
 f - 2 scrolls of enchant weapon {unknown}
 g - 2 scrolls of teleportation {unknown}
 h - a scroll of noise {unknown}
 i - a scroll of poison {unknown}
 j - a scroll of enchant armour {unknown}
Potions
 b - a potion of degeneration {unknown}
 d - a potion of might


   Skills:
 + Level 4.1 Fighting
 + Level 4.2 Axes
 + Level 4.1 Armour
 + Level 4.1 Shields


You had 3 spell levels left.
You didn't know any spells.
Your spell library contained the following spells:

 Spells                   Type           Power      Damage    Failure   Level
 Magic Dart               Conj           0%         1d3       99%         1
 Call Imp                 Summ           0%         N/A       100%        2
 Mephitic Cloud           Conj/Pois/Air  0%         N/A       100%        3


Dungeon Overview and Level Annotations

Branches:
Dungeon (2/15)

Altars:

Annotations:
D:2 Sigmund


Message History

You feel drained. The kobold hits you but does no damage.
You feel drained. Something hits you. The kobold blocks your attack.
The kobold barely misses you. The kobold blocks your attack.
Something hits you. The kobold closely misses you.
You closely miss the kobold.
The kobold hits you with a +0 dagger of draining.
You feel drained. Something hits you! The kobold hits you but does no damage.
You feel drained.
You hit the kobold.
The kobold is severely wounded.
Something hits you. The kobold hits you but does no damage.
You feel drained.
You barely miss the kobold.
The kobold is severely wounded.
Something hits you.
* * * LOW HITPOINT WARNING * * *
The kobold closely misses you.
You hit the kobold.
You kill the kobold!
Something hits you.
* * * LOW HITPOINT WARNING * * *
You hear some strange, mumbled words.
A puff of flame appears from out of thin air!
The puff of flame hits you but does no damage.
Items here: $ ) [ †.
You slash something! Something hits you.
* * * LOW HITPOINT WARNING * * *
You closely miss something. Something hits you but does no damage.
You barely miss something. Something hits you but does no damage.
You barely miss something. You closely miss something.
Something hits you but does no damage.
You completely miss something.
You hear some strange, mumbled words.
You are confused.
Something hits you.
* * * LOW HITPOINT WARNING * * *
You hear some strange, mumbled words.
A puff of flame appears from out of thin air!
The puff of flame hits you.
You die...

(..........
...........
.........
#......# #......#
#......# #{)....#
##......#
#..@....+ ..#
#..†....#### #.#
#..........####.#
#.......##)..##.#
#........###.##.#
#............##.#
#.#########..##.#
#. ...........#
##
##########†####


There were no monsters in sight!

Vanquished Creatures
  Jessica (D:2)
  Natasha (D:2)
  An adder (D:2)
  A dart slug (D:1)
  4 ball pythons (D:1)
  7 bats
  3 endoplasms
  2 giant cockroaches (D:1)
  2 goblins
  4 hobgoblins
  5 jackals (D:1)
  4 kobolds
  2 quokkas (D:1)
  A frilled lizard (D:1)
38 creatures vanquished.

Notes
Turn   | Place    | Note
-------+----------+-------------------------------------------
     0 | D:1      | Thatpatchoflichen the Hill Orc Fighter began the quest for
                  | the Orb.
     0 | D:1      | Reached XP level 1. HP: 19/19 MP: 1/1
   152 | D:1      | Reached XP level 2. HP: 26/27 MP: 2/2
   264 | D:1      | You fall into a shaft and drop 1 floor!
   335 | D:1      | Noticed a golden eye
   337 | D:1      | Found a faded altar of an unknown god.
   355 | D:1      | Noticed a great orb of eyes
   355 | D:1      | Noticed a floating eye
   355 | D:1      | Noticed a golden eye
   619 | D:1      | Reached XP level 3. HP: 20/33 MP: 3/3
  1205 | D:2      | Noticed Natasha
  1216 | D:2      | Killed Natasha
  1217 | D:2      | Reached XP level 4. HP: 29/40 MP: 4/4
  1392 | D:2      | Noticed Jessica
  1399 | D:2      | Killed Jessica
  1504 | D:2      | Noticed Sigmund
  1525 | D:2      | Killed from afar by Sigmund

Illustrated notes

Levels and vault maps discovered:
D:1:      matt_arrival_refuge, layout_loops_ring,
          hellmonk_ecumenical_altar_watching_god,
          chequers_serial_rivers_small_b, palyth_stone_intersect,
          hangedman_decor_growths
D:2:      minmay_alternating_diamond, layout_basic, basic_altar,
          nrook_mini_backslash, grunt_ministairs_5, uniq_sigmund, uniq_natasha,
          uniq_jessica

Skill      XL: |  1  2  3  4 |
---------------+-------------+-----
Axes           | 3 4 |  4.2
Fighting       | 4 |  4.1
Armour         | 4 |  4.1
Shields        | 4 |  4.1

Action                   |  1- 3 |  4- 6 || total
-------------------------+-------+-------++-------
Melee: War axe           |    96 |    35 ||   131
Armor: Chain mail        |   109 |    26 ||   135
Dodge: Dodged            |    42 |     9 ||    51
Block: Buckler           |    32 |     7 ||    39
